Map: Cañón polvoriento

Players

MrFercho - Winner!

  • Race: Zerg Zerg
  • League: Silver
  • Spawn Location: 3:00

TATORREA - Winner!

  • Race: Protoss Protoss
  • League: Silver
  • Spawn Location: 5:00

Azerian

  • Race: Terran Terran
  • Spawn Location: 11:00

Halfbaked

  • Race: Terran Terran
  • Spawn Location: 9:00

VOD

Have the link to the VOD?

Description

Time

  • Played on: May 24, 2020, 9:42 p.m.
  • Length: 13:47
Show
View Real Time Build Order
Export as new Build Order

MrFercho Zerg - Winner!

Build Orders: Pool First 

Get SALT Encoding   

  12  0:01  Drone  
  13  0:10  Extractor  
  12  0:17  Overlord  
  12  0:26  Drone x2  
  15  0:35  Drone  
  15  0:41  Drone  
  16  0:49  Extractor  
  15  0:51  Drone  
  16  1:00  Drone  
  17  1:08  Spawning Pool  
  16  1:11  Overlord  
  16  1:22  Overlord  
  16  1:34  Drone  
  17  1:54  Drone x2  
  17  1:58  Metabolic Boost  
  19  2:21  Drone  
  19  2:22  Drone  
  21  2:26  Queen  
  23  2:58  Hatchery  
  22  3:07  Hatchery  
  21  3:18  Lair, Evolution Chamber  
  20  3:25  Drone  
  20  3:26  Drone x2  
  23  3:46  Spine Crawler  
  22  3:53  Zergling x8  
  26  3:59  Zerg Ground Armor Level 1  
  26  4:07  Drone  
  23  4:45  Drone x3  
  26  4:49  Extractor  
  25  4:52  Extractor  
  24  5:10  Baneling Nest  
  23  5:18  Zergling x2  
  23  5:19  Zergling x16  
  32  5:34  Drone x3  
  35  5:47  Overlord x4  
  35  5:52  Drone x4  
  39  5:58  Zerg Melee Weapons Level 1  
  39  6:14  Infestation Pit  
  38  6:54  Spine Crawler  
  38  6:55  Drone x11  
  38  6:56  Drone x3  
  51  7:06  Centrifical Hooks  
  51  7:36  Evolution Chamber  
  50  7:37  Hive  
  50  7:41  Baneling  
  50  7:42  Baneling x17  
  50  8:14  Queen  
  43  8:48  Zergling x2  
  43  8:49  Zergling x28  
  58  8:59  Zerg Ground Armor Level 2  
  58  9:06  Adrenal Glands  
  58  9:15  Baneling x3  
  58  9:16  Baneling x27  
  58  9:33  Spore Crawler  
  57  9:39  Spore Crawler  
  56  9:50  Ultralisk Cavern  
  55  10:08  Hydralisk Den  
  39  10:29  Zergling x20  
  39  10:30  Zergling x16  
  57  10:57  Hatchery  
  57  10:59  Extractor  
  57  11:02  Extractor  
  54  11:10  Grooved Spines  
  41  11:50  Hydralisk x6  
  41  11:51  Hydralisk x12  
Show
View Real Time Build Order
Export as new Build Order

TATORREA Protoss - Winner!

Build Orders:  

Get SALT Encoding   

  12  0:02  Probe  
  13  0:25  Probe  
  14  0:32  Pylon  
  14  0:37  Probe  
  14  0:41  Assimilator  
  15  0:50  Probe  
  16  1:02  Probe  
  17  1:07  Gateway  
  17  1:14  Probe  
  18  1:27  Probe  
  19  1:39  Probe  
  20  1:59  Probe  
  21  2:16  Nexus  
  21  2:20  Cybernetics Core  
  21  2:22  Gateway  
  21  2:27  Probe  
  22  2:37  Assimilator  
  22  2:40  Probe  
  22  2:52  Probe  
  23  3:12  Pylon  
  23  3:15  Pylon  
  23  3:18  Pylon  
  23  3:25  Pylon  
  23  3:28  Stalker x2, Probe  
  23  3:31  Warp Gate  
  28  3:35  Pylon  
  28  3:40  Probe  
  29  3:47  Forge  
  29  3:52  Probe x2  
  31  4:01  Stalker  
  33  4:04  Probe x2  
  35  4:16  Probe x2  
  37  4:17  Stargate  
  37  4:19  Stargate  
  37  4:21  Protoss Ground Weapons Level 1  
  37  4:46  Stalker  
  37  4:47  Stalker  
  41  4:53  Probe x2  
  41  4:58  Assimilator  
  43  5:02  Assimilator  
  43  5:05  Oracle, Probe x2  
  48  5:11  Oracle  
  51  5:20  Probe x2  
  53  5:32  Probe x2  
  55  5:43  Robotics Facility  
  55  5:46  Twilight Council  
  55  5:49  Pylon  
  55  5:51  Probe x2  
  55  5:52  Pylon  
  55  5:55  Pylon  
  57  6:00  Void Ray, Pylon  
  57  6:02  Pylon  
  61  6:09  Probe x2  
  63  6:18  Protoss Air Weapons Level 1  
  63  6:21  Probe  
  61  6:38  Void Ray  
  62  6:41  Immortal  
  62  6:44  Stalker  
  62  6:45  Stalker  
  70  7:19  Probe x2, Nexus  
  70  7:22  Protoss Ground Weapons Level 2  
  72  7:25  Immortal  
  76  7:31  Probe x2  
  76  7:35  Stalker  
  76  7:36  Stalker  
  82  7:43  Probe x2  
  84  7:55  Probe x2  
  86  7:59  Void Ray x2  
  86  8:05  Immortal  
  98  8:07  Probe x2  
  98  8:08  Charge  
  70  9:01  Void Ray x2  
  74  9:03  Immortal  
  74  9:07  Stalker x2  
  82  9:19  Probe x2  
  82  9:22  Probe  
  85  9:31  Assimilator, Probe  
  85  9:32  Probe  
  85  9:33  Robotics Bay  
  85  9:34  Assimilator, Probe  
  85  9:35  Fleet Beacon  
  88  9:40  Gateway  
  88  9:41  Gateway  
  88  9:43  Gateway, Probe  
  88  9:44  Probe  
  90  9:46  Gateway, Probe  
  90  9:50  Gateway  
  91  9:53  Gateway  
  91  9:55  Gateway  
  91  9:58  Gateway  
  91  10:01  Gateway  
  91  10:15  Void Ray x2  
  91  10:17  Immortal  
  91  10:20  Stalker  
  105  10:27  Nexus  
  85  11:44  Tempest x2  
  85  11:46  Immortal  
  95  11:49  Extended Thermal Lance  
  95  11:51  Unknown  
  91  12:08  Stalker x2  
  95  12:25  Colossus  
  95  12:27  Stalker x3, Carrier x2  
  95  12:28  Stalker x5  
  95  12:29  Stalker  
  108  13:20  Stalker  
  108  13:24  Stalker x3  
  108  13:25  Stalker x3  
  108  13:26  Stalker x3  
  122  13:27  Stalker  
Show
View Real Time Build Order
Export as new Build Order

Azerian Terran 

Build Orders:  

Get SALT Encoding   

  12  0:03  SCV  
  13  0:22  SCV  
  13  0:23  Supply Depot  
  14  0:34  Refinery  
  14  0:36  SCV  
  15  0:46  Barracks  
  15  0:51  SCV  
  16  1:03  SCV  
  17  1:15  SCV  
  18  1:22  Barracks  
  18  1:28  SCV  
  19  1:33  Supply Depot  
  19  1:36  Refinery  
  19  1:40  Marine, SCV  
  21  2:08  Marine x2  
  23  2:21  Factory  
  23  2:26  Marine x2, Engineering Bay  
  25  2:50  Barracks Tech Lab  
  25  2:57  Barracks Reactor, Supply Depot  
  25  2:59  Orbital Command  
  25  3:06  Factory Tech Lab  
  25  3:12  Missile Turret  
  25  3:14  Marine  
  26  3:32  Marine  
  27  3:41  Missile Turret  
  27  3:45  Siege Tank  
  30  3:49  SCV  
  31  4:01  SCV  
  32  4:05  Missile Turret  
  32  4:29  Command Center  
  32  4:32  SCV  
  33  4:41  Supply Depot  
  33  4:59  Marine  
  34  5:00  Marine  
  34  5:02  Marine  
  36  5:17  Marine  
  36  5:18  Marine  
  36  5:20  Marine  
  39  5:28  Siege Tank  
  42  5:35  Marine  
  43  5:48  SCV x2  
  45  6:22  Refinery  
  45  6:47  Refinery  
  45  6:52  Starport  
  45  6:57  SCV x2  
  47  7:16  Missile Turret  
  47  7:31  Starport  
  47  7:36  Marine  
  47  7:37  Marine x2  
  48  7:38  Missile Turret  
  50  7:46  SCV x2  
  52  7:54  Marine x3  
  52  7:57  Starport Reactor  
  55  8:01  Missile Turret  
  55  8:03  Combat Shield  
  55  8:08  Starport  
  55  8:12  Starport Reactor, Marine x2  
  56  8:17  Marine  
  58  8:21  Orbital Command  
  58  8:23  SCV  
  58  8:25  Missile Turret  
  59  8:30  Marine  
  60  8:36  SCV  
  42  9:09  Starport Reactor  
  42  9:16  SCV  
  44  9:17  SCV  
  44  9:20  Viking  
  44  9:21  Viking x2  
  44  9:22  Viking  
  52  9:25  Marine x2  
  52  9:26  Marine  
  55  9:36  Siege Tank  
  58  9:43  Marine x2, SCV  
  58  9:44  SCV  
  62  9:49  Marine  
  62  9:50  Viking x2  
  62  9:51  Viking  
  69  9:59  Supply Depot  
  69  10:08  Siege Tank  
  72  10:21  Supply Depot  
  72  10:42  Viking x6  
  82  10:44  Supply Depot  
  64  11:08  Supply Depot  
  64  11:12  Viking x3  
  70  11:22  Marine x3  
  73  11:40  Marine x3  
  76  11:57  Marine  
  76  11:58  Marine x2  
  79  12:06  Viking x5  
  79  12:07  Viking  
  91  12:15  Marine x2  
  91  12:16  Marine  
  94  12:23  Barracks  
  94  12:33  Marine x3  
  94  12:36  Viking  
  99  12:51  Marine x3  
  100  13:09  Marine  
  100  13:10  Barracks  
Show
View Real Time Build Order
Export as new Build Order

Halfbaked Terran 

Build Orders:  

Get SALT Encoding   

  12  0:03  SCV  
  13  0:15  SCV  
  13  0:21  Supply Depot  
  14  0:28  SCV  
  15  0:42  SCV  
  16  0:51  Supply Depot  
  16  0:54  Barracks  
  16  1:02  Refinery  
  16  1:06  Refinery  
  16  1:07  SCV  
  17  1:19  SCV  
  18  1:27  Barracks  
  18  1:51  Barracks Tech Lab  
  18  1:59  Supply Depot  
  18  2:19  Command Center  
  18  2:27  Barracks Reactor  
  18  2:37  Marine, Engineering Bay  
  19  2:55  Marine  
  20  3:05  Supply Depot  
  20  3:11  Terran Infantry Weapons Level 1  
  20  3:13  Marine  
  20  3:16  Marine x2  
  23  3:24  Refinery  
  23  3:28  Supply Depot  
  23  3:31  Marine  
  24  3:34  Marine x2  
  26  4:00  Missile Turret  
  26  4:03  Marine x3  
  29  4:13  SCV  
  30  4:20  Missile Turret  
  30  4:21  Combat Shield, Marine  
  30  4:24  Marine  
  31  4:25  SCV  
  33  4:52  Missile Turret  
  33  4:53  Orbital Command  
  33  4:55  Orbital Command  
  33  5:17  Factory  
  33  5:42  Terran Infantry Armor Level 1  
  33  5:55  SCV  
  34  6:04  SCV  
  35  6:07  SCV  
  35  6:08  Missile Turret  
  36  6:19  SCV  
  36  6:21  Factory Tech Lab  
  37  6:31  SCV  
  38  6:34  Missile Turret  
  38  6:43  Missile Turret  
  38  7:06  Missile Turret  
  38  7:07  Starport  
  38  7:11  Marine x3  
  41  7:19  Supply Depot  
  41  7:22  Supply Depot  
  41  7:26  Siege Tank  
  41  7:29  Marine x3, Refinery  
  46  7:37  Hi-Sec Auto Tracking  
  47  7:42  Missile Turret  
  47  7:45  Starport  
  47  7:47  Marine x3  
  50  8:03  Missile Turret  
  50  8:05  Marine x2  
  52  8:19  Starport Tech Lab  
  52  8:20  Fusion Core  
  52  8:24  Missile Turret  
  34  8:37  Starport Tech Lab  
  28  8:41  Cyclone  
  31  8:58  Barracks  
  31  9:06  Marine  
  32  9:14  Cyclone  
  35  9:24  Marine  
  36  9:38  Fusion Core  
  36  9:42  Marine  
  37  9:52  Bunker  
  37  9:57  Barracks  
  37  10:01  Barracks Reactor  
  26  10:24  Battlecruiser x2  
  38  10:29  Marine  
  36  10:47  Marine  
  36  10:48  Widow Mine  
  39  11:05  Marine  
  25  11:23  Marine  
  24  11:41  Marine  
  25  12:35  Barracks  
  25  12:36  Barracks  
Tags
 
Add a new tag
Caveats
  • Supply blocks, unpowered buildings, or Contaminate may cause inaccurate times.
  • Supply counts are checked every 10 seconds.